AoeStats
← good times with onii-chan

Yucatan

503236690Analyzed
3v3 RM · 1mo ago on Aug 30, 2026· 70m 27s· 6 players
Game mode
Random Map
Map size
Normal (6 player)
Population
200
Speed
Normal
Resources
Standard
Victory
Conquest
Starting age
Dark Age
Ending age
Imperial Age
RankedLock teamsTeams togetherTeam positionsShared explorationLock speedFull tech treeHidden civsTurbo modeCheats
Victory
Defeat
🇫🇷 Mongols · France
1019
+15
🇫🇷 Vietnamese · France
1010
+15
🇫🇷 Poles · France
1007
+16
🇺🇸 Turks · United States
1061
-18
🇺🇸 Mapuche · United States
1033
-17
🇺🇸 Khmer · United States
900
-11
Tavok42
10:11 Loom
13:37 Feudal Age
17:48 Castle Age
16:47 Double-Bit Axe
18:20 Stone Mining
19:53 Scale Barding Armor
20:19 Bloodlines
20:30 Forging
21:06 Bow Saw
21:00 Husbandry
25:54 Fletching
27:21 Bodkin Arrow
29:30 Wheelbarrow
31:57 Hand Cart
32:40 Town Watch
32:57 Gold Mining
38:31 Imperial Age
38:35 Chain Barding Armor
38:51 Iron Casting
39:47 Conscription
40:32 Plate Barding Armor
39:18 Cavalier
43:04 Gold Shaft Mining
48:05 Artillery
66:38 Horse Collar
good times with onii-chan
7:24 Loom
11:34 Feudal Age
12:15 Double-Bit Axe
16:11 Gold Mining
16:12 Stone Mining
19:36 Castle Age
17:54 Scale Barding Armor
21:10 Stone Shaft Mining
21:12 Gold Shaft Mining
20:50 Bow Saw
20:24 Horse Collar
22:48 Husbandry
29:50 Fletching
30:01 Padded Archer Armor
29:27 Pikeman
36:30 Ballistics
36:07 Murder Holes
40:12 Imperial Age
39:39 Wheelbarrow
40:54 Bodkin Arrow
41:56 Conscription
41:40 Elite Ballista Elephant
44:22 Chemistry
43:51 Hand Cart
47:35 Double Crossbow
53:42 Siege Engineers
BLEEKBRAX
7:38 Loom
10:31 Feudal Age
17:11 Castle Age
15:39 Fletching
16:28 Double-Bit Axe
16:45 Gold Mining
19:44 Padded Archer Armor
21:03 Leather Archer Armor
27:15 Ballistics
27:05 Masonry
31:23 Horse Collar
32:44 Heavy Plow
32:58 Bow Saw
34:17 Forging
38:50 Bodkin Arrow
40:39 Wheelbarrow
39:50 Town Watch
46:17 Stone Mining
56:54 Iron Casting
56:44 Malon
64:11 Imperial Age
65:59 Blast Furnace
65:00 Scale Mail Armor
65:41 Elite Bolas Rider
66:21 Capped Ram
68:11 Conscription
68:44 Ring Archer Armor
Etibis
7:39 Loom
10:01 Feudal Age
12:34 Wheelbarrow
15:23 Castle Age
13:33 Double-Bit Axe
15:00 Gold Mining
15:52 Scale Barding Armor
16:33 Husbandry
16:44 Bloodlines
20:23 Horse Collar
24:35 Chain Barding Armor
26:17 Forging
26:42 Bow Saw
27:51 Fletching
28:42 Hand Cart
28:57 Bodkin Arrow
30:25 Padded Archer Armor
31:45 Heavy Plow
33:53 Ballistics
37:57 Leather Archer Armor
38:14 Squires
38:41 Forging
38:38 Thumb Ring
42:20 Murder Holes
42:24 Town Watch
47:26 Imperial Age
48:41 Parthian Tactics
48:23 Bracer
47:45 Heavy Camel Rider
52:12 Conscription
56:04 Masonry
55:40 Light Cavalry
57:05 Hussar
58:23 Iron Casting
61:13 Blast Furnace
61:10 Gold Shaft Mining
64:26 Siege Engineers
65:33 Chemistry
69:30 Gold Shaft Mining
Roxdog
4:40 Loom
11:07 Feudal Age
11:32 Horse Collar
11:44 Gold Mining
11:57 Double-Bit Axe
17:54 Castle Age
17:03 Fletching
17:13 Padded Archer Armor
18:41 Heavy Plow
18:55 Bow Saw
19:14 Bodkin Arrow
19:47 Thumb Ring
21:37 Crossbowman
26:14 Wheelbarrow
31:20 Hand Cart
36:00 Imperial Age
35:56 Leather Archer Armor
38:04 Two-Man Saw
39:37 Arbalester
42:32 Bracer
44:26 Ballistics
50:26 Ring Archer Armor
49:50 Heated Shot
51:02 Chemistry
49:53 Guard Tower
61:33 Sappers
maxdu95
5:14 Loom
13:18 Feudal Age
13:52 Double-Bit Axe
13:51 Horse Collar
19:40 Castle Age
17:49 Scale Barding Armor
18:48 Gold Mining
18:53 Stone Mining
19:37 Bloodlines
25:31 Bow Saw
26:36 Stone Shaft Mining
27:02 Chain Barding Armor
29:40 Forging
31:02 Pikeman
39:11 Imperial Age
39:41 Murder Holes
40:34 Cavalier
42:09 Squires
41:54 Arson
42:21 Heavy Plow
56:23 Scale Mail Armor
56:59 Iron Casting
Connection lost

Rejoining the realm…

Still unreachable

The connection could not be restored.

Session expired

The server has moved on; the page needs a fresh start.